 Dungeon Crawl Stone Soup version 0.27-a0-1332-g84bddb5ca7 (webtiles) character file.

Game seed: 12549537953251682252

862 sanka the Magician (level 8, -9/54 HPs)
             Began as a Djinni Summoner on June 25, 2021.
             Was an Initiate of Makhleb.
             Mangled by a skeletal warrior (19 damage)
             ... on level 6 of the Dungeon.
             The game lasted 00:11:21 (8764 turns).

sanka the Magician (Djinni Summoner)                Turns: 8764, Time: 00:11:22

Health: -9/54      AC:  5    Str:  7    XL:     8   Next: 22%
Gold:   154        EV: 13    Int: 20    God:    Makhleb [......] SH:  0 Dex: 19

rFire    + + .     SeeInvis .   g - +1 dagger (elec)
rCold    x . .     Faith    +   (no shield)
rNeg     . . .     Spirit   .   a - +0 robe
rPois    ∞         Reflect  .   (no helmet)
rElec    .         Harm     .   (no cloak)
rCorr    .         Rampage  .   w - +2 pair of gloves
Will     +....                  (boots unavailable)
Stlth    ++........             i - amulet of faith
HPRegen  0.18/turn              f - ring of willpower
MPRegen  0.00/turn              x - +6 ring of dexterity

@: flying
A: sickness immunity, fire resistance 2, cold vulnerability 1, float, innate
caster, hp casting, extra vitality 1
a: Renounce Religion


You were on level 6 of the Dungeon.
You worshipped Makhleb.
Makhleb was noncommittal.
You visited 1 branch of the dungeon, and saw 6 of its levels.

You collected 154 gold pieces.


Innate Abilities, Weirdness & Mutations

You are immune to sickness and miasma.
You are immune to poison.
Your flesh is very heat resistant. (rF++)
You are vulnerable to cold. (rC-)
You float through the air rather than walking.
You learn spells naturally, not from books.
Your magical power is your life essence.
You have superior vitality. (+4 HP)


   Skills:
 + Level 2.0 Fighting
 + Level 3.3 Dodging
 - Level 1.5 Stealth
 + Level 7.0 Spellcasting


You couldn't memorise any spells.
You knew the following spells:

 Your Spells              Type           Power      Damage    Failure   Level
a - Ozocubu's Armour      Ice            35%        N/A       1%          3
c - Call Canine Familiar  Summ           35%        N/A       1%          3
u - Poisonous Vapours     Pois/Air       70%        N/A       1%          2
v - Summon Ice Beast      Ice/Summ       35%        N/A       4%          4
x - Call Imp              Summ           35%        N/A       1%          2
y - Animate Skeleton      Necr           70%        N/A       1%          1
z - Summon Small Mammal   Summ           100%       N/A       1%          1
X - Summon Lightning Spi  Summ/Air       35%        N/A       4%          4
Z - Summon Guardian Gole  Hex/Summ       35%        N/A       1%          3
Your spell library was empty.

Inventory:

Hand Weapons
 g - a +1 dagger of electrocution (weapon)
Missiles
 p - 31 poisoned darts
Armour
 a - a +0 robe (worn)
 t - a +1 ring mail of cold resistance
 w - a +2 pair of gloves (worn)
Jewellery
 f - a ring of willpower (left hand)
 i - an amulet of faith (around neck)
 q - a ring of willpower
 x - a +6 ring of dexterity (right hand)
Wands
 n - a wand of iceblast (11)
 v - a wand of acid (2)
Scrolls
 b - a scroll of amnesia {unknown}
 c - 2 scrolls of teleportation {unknown}
 d - 2 scrolls of enchant weapon
 j - a scroll of summoning {unknown}
 k - a scroll of identify {@r1}
 l - 4 scrolls of vulnerability {!r}
 m - a scroll of immolation {unknown}
 r - a scroll of noise {!r}
Potions
 e - a potion of haste {unknown}
 h - 2 potions of ambrosia {unknown}
 o - a potion of invisibility {unknown}
 s - 2 potions of mutation {unknown}
 u - 2 potions of curing {unknown}

Dungeon Overview and Level Annotations

Branches:
Dungeon (6/15)             Temple (0/1) D:6

Altars:
Dithmenos
Elyvilon
Fedhas
Makhleb

Shops:
D:3 * D:4

=*?[ ....▒ ▒▒▒▒z..▒ .▒▒.▒ ▒...▒
▒▒▒.▒ ▒...▒ z▒▒.▒ ▒.z.▒ ....▒
▒..▒▒ ....▒ ▒▒▒▒▒▒..▒▒▒▒ z...▒
▒....>.....▒ z...▒
▒▒▒▒▒▒▒▒▒▒▒▒▒.▒▒▒▒..▒▒.▒ ....▒
▒....zzRz.....▒ ▒..▒▒.▒ ....▒
▒▒▒.▒▒▒z▒▒▒▒▒▒..▒▒▒▒..▒▒.▒ ....▒
▒.....................▒▒.▒
▒▒..▒▒▒▒.▒.▒.▒.▒.........▒...▒▒.▒
(................z.........▒▒.▒
...▒▒▒.▒.▒.▒▒▒.▒▒>.........▒▒.▒
..............▒▒<.........▒▒.▒
...▒▒▒...▒▒▒▒▒▒z▒....▒...▒▒.▒
.....?.......▒▒.▒...........▒


You could see 4 skeletal warriors.


Message History

Aim: a skeletal warrior, wielding a +0 flail (about 34% to evade your +0 dagger of electrocution)
You closely miss the skeletal warrior.
The skeletal warrior hits you with a +0 flail!
The skeletal warrior misses you.
There are monsters nearby!
Hit: g) +0 dagger (elec)
Aim: a skeletal warrior, wielding a +0 mace (about 34% to evade your +0 dagger of electrocution)
You hit the skeletal warrior but do no damage.
The skeletal warrior hits you with a +0 mace.
You don't have any such object.
Evoke which item? (* to show all) (? for menu, Esc to quit)
That's the wrong kind of item! (Use * to select it.) Evoke which item? (* to show all) (? for menu, Esc to quit)
Okay, then.
As you read the scroll labelled DEBUPEGYRIWN, it crumbles to dust.
You hear a loud clanging noise!
It was a scroll of noise.
The skeletal warrior hits you with a +0 mace!!
* * * LOW HITPOINT WARNING * * *
As you read the scroll labelled KUKIT DIRGHEXT, it crumbles to dust.
It is a scroll of identify.
l - 4 scrolls of vulnerability The skeletal warrior hits you with a +0 short sword.
* * * LOW HITPOINT WARNING * * *
The skeletal warrior barely misses you.
As you read the scroll labelled ZIYBAR QYISOLUICK, it crumbles to dust.
It is a scroll of enchant weapon.
Your +0 dagger of electrocution glows red for a moment.
The skeletal warrior hits you with a +0 short sword!!
You die...

Action                   |  1- 3 |  4- 6 |  7- 9 || total
-------------------------+-------+-------+-------++-------
Melee: Dagger            |    74 |    96 |   110 ||   280
       Unarmed           |    22 |       |       ||    22
 Cast: Summon Small Mamm |    18 |       |       ||    18
       Call Imp          |     7 |    20 |    14 ||    41
       Summon Ice Beast  |       |     1 |     1 ||     2
       Poisonous Vapours |       |     5 |     3 ||     8
       Ozocubu's Armour  |       |       |     1 ||     1
       Summon Lightning  |       |       |     1 ||     1
Evoke: Wand              |       |       |     2 ||     2
  Use: Scroll            |       |       |     3 ||     3
 Stab: Sleeping          |     4 |     4 |       ||     8
       Distracted        |       |       |     1 ||     1
Armor: Robe              |    22 |    11 |    11 ||    44
Dodge: Dodged            |    48 |    56 |    72 ||   176

Levels and vault maps discovered:
D:1:      erik_arrival_blinker_ship, layout_basic
D:2:      layout_basic
D:3:      layout_rooms, ebering_ecumenical_altar_mist, serial_shops, shop,
          chequers_serial_rivers_room_b, roderic_lattice_a
D:4:      layout_basic, demons_altar, lemuel_tele_altar, serial_shops,
          nicolae_shop_stone, shop, shop, nicolae_shop_window_shopping,
          saegor_snake_ambush
D:5:      layout_basic
D:6:      layout_loops_ring, amcnicky_altar_gilded, general_overflow_altar,
          minmay_temple_entry_butterflies, serial_shops, kennysheep_little_box

Notes
Turn   | Place    | Note
-------+----------+-------------------------------------------
     0 | D:1      | sanka the Djinni Summoner began the quest for the Orb.
     0 | D:1      | Reached XP level 1. HP: 15/15 MP: 0/0
   603 | D:1      | Reached XP level 2. HP: 18/21 MP: 0/0
  1603 | D:2      | Reached XP level 3. HP: 25/25 MP: 0/0
  1603 | D:2      | Learned a level 1 spell: Animate Skeleton
  1847 | D:2      | Reached skill level 4 in Spellcasting
  2657 | D:3      | Found Teahoeza's Assorted Antiques.
  2889 | D:3      | Reached XP level 4. HP: 21/31 MP: 0/0
  3346 | D:3      | Found a faded altar of an unknown god.
  3712 | D:4      | Found a burning altar of Makhleb.
  3745 | D:4      | HP: 2/31 [iron imp (11)]
  3751 | D:4      | Reached XP level 5. HP: 2/35 MP: 0/0
  3751 | D:4      | Learned a level 2 spell: Poisonous Vapours
  4114 | D:4      | Reached skill level 5 in Spellcasting
  4122 | D:4      | Became a worshipper of Makhleb the Destroyer
  4960 | D:4      | Found Uleseane's Armour Boutique.
  4989 | D:4      | Noticed a necrophage
  4997 | D:4      | Killed a necrophage
  4998 | D:4      | Reached XP level 6. HP: 31/40 MP: 0/0
  5069 | D:4      | Found Uhosie's Magic Scroll Shop.
  5096 | D:4      | Found Xukluxocy's Assorted Antiques.
  5185 | D:4      | Found Offit's Jewellery Shoppe.
  5265 | D:4      | Found a blossoming altar of Fedhas.
  5450 | D:4      | Noticed an ogre
  5469 | D:4      | Killed an ogre
  5715 | D:5      | Entered Level 5 of the Dungeon
  6004 | D:5      | Reached skill level 6 in Spellcasting
  6090 | D:5      | Reached XP level 7. HP: 34/45 MP: 0/0
  6090 | D:5      | Learned a level 3 spell: Ozocubu's Armour
  7452 | D:6      | HP: 1/46 [ice beast (15)]
  7454 | D:6      | Reached skill level 1 in Fighting
  7454 | D:6      | Reached skill level 7 in Spellcasting
  7454 | D:6      | Reached XP level 8. HP: 1/52 MP: 0/0
  7781 | D:6      | Reached skill level 3 in Dodging
  7787 | D:6      | HP: 5/54 [adder (3)]
  7904 | D:6      | Noticed a skeletal warrior
  7904 | D:6      | Noticed a skeletal warrior
  8151 | D:6      | Found a white marble altar of Elyvilon.
  8249 | D:6      | Found a shadowy altar of Dithmenos.
  8289 | D:6      | Found a staircase to the Ecumenical Temple.
  8300 | D:6      | Reached skill level 2 in Fighting
  8382 | D:6      | Noticed a skeletal warrior
  8385 | D:6      | Noticed a skeletal warrior
  8385 | D:6      | Noticed a skeletal warrior
  8764 | D:6      | Mangled by a skeletal warrior

Vanquished Creatures
  An ice beast (D:6)
  A necrophage (D:4)
  A black bear (D:6)
  A phantom (D:6)
  A scorpion (D:6)
  A bullfrog zombie (D:5)
  A jelly (D:4)
  A hound (D:4)
  A bullfrog skeleton (D:5)
  4 iguanas
  A killer bee zombie (D:5)
  A howler monkey skeleton (D:5)
  6 adders
  2 ufetubi
  2 worms
  2 orcs
  6 ball pythons
  A bat (D:1)
  7 endoplasms
  3 hobgoblins
  3 jackals
  3 frilled lizards
  5 kobolds
  A rat (D:2)
56 creatures vanquished.

Vanquished Creatures (collateral kills)
  A water moccasin (D:6)
  An ogre (D:4)
  3 iron imps (D:4)
  A gnoll (D:4)
  An adder (D:6)
  A dart slug (D:1)
  2 endoplasms (D:1)
  4 goblins (D:1)
  A hobgoblin (D:1)
  A kobold (D:1)
  2 quokkas (D:1)
  2 ball pythons (D:1)
  A frilled lizard (D:1)
  A butterfly (D:6)
22 creatures vanquished.

Vanquished Creatures (others)
  A plant (D:4)
1 creature vanquished.

Grand Total: 79 creatures vanquished
